[ AOE2 MATCH · #504756821 ]
UnrankedIncas vs Lithuanians
Player's team · WIN
[ REPLAY ANALYSIS · EXTRACTED FROM THE RECORDED GAME ]
Feudal
9:04
Castle
24:33
Imperial
41:41
| APM avg | 62.5 |
| APM peak | 94 |
| eAPM avg | 28.4 |
| Villagers / military | 146 / 146 |
Focus
⚔️ 35.3% · 🌾 64.7%
Spearman ×74 · Kamayuk ×60 · Unknown (2550) ×58 · Trebuchet (Packed) ×7 · Monk ×5
Feudal
8:50
Castle
23:00
Imperial
41:23
| APM avg | 82.9 |
| APM peak | 141 |
| eAPM avg | 34.6 |
| Villagers / military | 173 / 136 |
Focus
⚔️ 34.5% · 🌾 65.5%
Cavalry Archer ×45 · Leitis ×43 · Archer ×37 · Monk ×9 · Scout Cavalry ×1 · Trebuchet (Packed) ×1
Match map
Initial resources + every placement click. Lines = walls · curves = elevation contours. ◆ gold · ⬟ stone · ● berries · ✦ relic · ◌ wall gap
Your base· Open — unwalled flank
MorrocanPlayer's base· Open — 7t gap
Smoothed initial terrain · ◌ = detected wall gap · hover for details
Inputs per minute
— EbolasRider - - MorrocanPlayer
Build order — EbolasRider
First 150 of 577 actions detected
| 0:06 | Create | Villager (Male) |
| 0:06 | Create | Villager (Male) |
| 0:06 | Create | Villager (Male) |
| 0:06 | Create | Villager (Male) |
| 0:08 | Build | House |
| 0:09 | Build | House |
| 1:32 | Create | Villager (Male) |
| 2:05 | Create | Villager (Male) |
| 2:29 | Build | Settlement |
| 2:40 | Create | Villager (Male) |
| 2:57 | Create | Villager (Male) |
| 3:18 | Create | Villager (Male) |
| 3:20 | Create | Villager (Male) |
| 3:53 | Create | Villager (Male) |
| 4:07 | Create | Villager (Male) |
| 4:32 | Create | Villager (Male) |
| 5:14 | Create | Villager (Male) |
| 5:32 | Create | Villager (Male) |
| 5:34 | Build | Barracks |
| 5:45 | Create | Villager (Male) |
| 6:17 | Research | Loom |
| 6:54 | Research | Feudal Age |
| 6:54 | Research | Feudal Age |
| 6:57 | Build | Settlement |
| 7:09 | Create | Unit 2550 |
| 7:09 | Create | Unit 2550 |
| 7:22 | Create | Unit 2550 |
| 8:06 | Create | Unit 2550 |
| 8:06 | Create | Unit 2550 |
| 9:01 | Create | Villager (Male) |
| 9:04 | Age | Feudal Age |
| 9:06 | Research | Tech 1402 |
| 9:08 | Research | Double-Bit Axe |
| 9:29 | Create | Villager (Male) |
| 9:32 | Build | Settlement |
| 9:49 | Create | Villager (Male) |
| 10:09 | Create | Spearman |
| 10:22 | Build | Palisade Wall |
| 10:32 | Create | Villager (Male) |
| 10:41 | Create | Unit 2550 |
| 10:49 | Build | Watch Tower |
| 10:53 | Build | Farm |
| 10:55 | Build | Farm |
| 10:59 | Create | Unit 2550 |
| 11:01 | Create | Villager (Male) |
| 11:03 | Build | Farm |
| 11:07 | Build | Farm |
| 11:16 | Build | Farm |
| 11:23 | Create | Villager (Male) |
| 11:41 | Create | Villager (Male) |
| 11:54 | Build | Blacksmith |
| 11:55 | Build | Palisade Wall |
| 12:01 | Build | Palisade Wall |
| 12:01 | Build | Palisade Wall |
| 12:02 | Build | Palisade Wall |
| 12:03 | Build | Palisade Wall |
| 12:04 | Build | Palisade Wall |
| 12:08 | Create | Villager (Male) |
| 12:12 | Create | Unit 2550 |
| 12:21 | Build | Palisade Wall |
| 12:29 | Create | Villager (Male) |
| 12:41 | Create | Unit 2550 |
| 12:48 | Create | Villager (Male) |
| 12:54 | Build | Settlement |
| 13:08 | Research | Scale Mail Armor |
| 13:09 | Research | Scale Mail Armor |
| 13:33 | Build | House |
| 13:36 | Create | Villager (Male) |
| 13:38 | Build | Farm |
| 13:41 | Build | Farm |
| 13:52 | Create | Unit 2550 |
| 13:56 | Create | Villager (Male) |
| 14:09 | Build | House |
| 14:15 | Create | Unit 2550 |
| 14:23 | Create | Villager (Male) |
| 14:35 | Build | Watch Tower |
| 14:53 | Research | Fletching |
| 14:53 | Research | Fletching |
| 15:01 | Build | Farm |
| 15:03 | Build | Farm |
| 15:10 | Create | Villager (Male) |
| 15:35 | Create | Villager (Male) |
| 15:57 | Create | Villager (Male) |
| 16:05 | Create | Unit 2550 |
| 16:08 | Create | Villager (Male) |
| 16:12 | Build | Palisade Wall |
| 16:15 | Build | Farm |
| 16:16 | Build | Farm |
| 16:19 | Create | Villager (Male) |
| 16:31 | Create | Unit 2550 |
| 16:42 | Create | Unit 2550 |
| 16:47 | Create | Villager (Male) |
| 17:00 | Create | Villager (Male) |
| 17:07 | Build | House |
| 17:10 | Research | Town Watch |
| 17:25 | Build | Watch Tower |
| 17:30 | Create | Villager (Male) |
| 17:55 | Build | Palisade Wall |
| 17:57 | Create | Villager (Male) |
| 17:59 | Build | Palisade Wall |
| 18:10 | Create | Unit 2550 |
| 18:20 | Create | Villager (Male) |
| 18:34 | Build | Farm |
| 19:01 | Create | Villager (Male) |
| 19:13 | Create | Villager (Male) |
| 19:16 | Build | Market |
| 19:42 | Create | Villager (Male) |
| 19:49 | Build | House |
| 19:58 | Build | Farm |
| 19:58 | Build | Farm |
| 20:01 | Create | Villager (Male) |
| 20:05 | Build | Farm |
| 20:23 | Build | Watch Tower |
| 20:29 | Create | Villager (Male) |
| 20:50 | Build | Watch Tower |
| 20:55 | Build | Outpost |
| 20:57 | Build | House |
| 21:33 | Create | Unit 2550 |
| 21:33 | Create | Unit 2550 |
| 21:53 | Research | Castle Age |
| 21:54 | Build | Farm |
| 22:07 | Create | Unit 2550 |
| 22:15 | Build | Settlement |
| 22:21 | Build | Watch Tower |
| 22:35 | Create | Unit 2550 |
| 22:52 | Build | Farm |
| 23:01 | Build | Farm |
| 23:01 | Build | Farm |
| 23:02 | Create | Unit 2550 |
| 23:07 | Build | Stone Wall |
| 23:07 | Build | Stone Wall |
| 23:12 | Build | Stone Wall |
| 23:18 | Create | Unit 2550 |
| 23:27 | Build | Barracks |
| 23:36 | Create | Unit 2550 |
| 23:42 | Build | Palisade Wall |
| 23:44 | Build | Palisade Wall |
| 23:53 | Research | Horse Collar |
| 23:53 | Research | Horse Collar |
| 23:55 | Research | Forging |
| 23:56 | Create | Unit 2550 |
| 23:57 | Create | Unit 2550 |
| 24:19 | Create | Unit 2550 |
| 24:19 | Create | Unit 2550 |
| 24:23 | Build | Palisade Gate |
| 24:27 | Build | Farm |
| 24:29 | Build | Farm |
| 24:33 | Age | Castle Age |
| 24:35 | Create | Villager (Male) |
| 24:42 | Build | Farm |
Build order — MorrocanPlayer
First 150 of 535 actions detected
| 0:00 | Create | Villager (Male) |
| 0:00 | Create | Villager (Male) |
| 0:02 | Build | House |
| 0:03 | Build | House |
| 0:25 | Create | Villager (Male) |
| 0:47 | Create | Villager (Male) |
| 0:53 | Create | Villager (Male) |
| 0:59 | Create | Villager (Male) |
| 1:29 | Create | Villager (Male) |
| 2:03 | Create | Villager (Male) |
| 2:21 | Build | Lumber Camp |
| 2:43 | Create | Villager (Male) |
| 2:43 | Create | Villager (Male) |
| 2:56 | Create | Villager (Male) |
| 3:09 | Create | Villager (Male) |
| 3:10 | Build | House |
| 3:11 | Build | House |
| 3:17 | Create | Villager (Male) |
| 4:04 | Create | Villager (Male) |
| 4:19 | Build | Palisade Wall |
| 4:20 | Build | Palisade Wall |
| 4:36 | Create | Villager (Male) |
| 4:41 | Create | Villager (Male) |
| 4:54 | Build | Mill |
| 5:59 | Research | Loom |
| 6:14 | Research | Feudal Age |
| 6:14 | Research | Feudal Age |
| 6:29 | Build | Mining Camp |
| 6:47 | Build | Palisade Wall |
| 6:48 | Build | Palisade Wall |
| 6:49 | Build | Palisade Wall |
| 6:50 | Build | Palisade Wall |
| 6:55 | Build | Palisade Wall |
| 6:55 | Build | Palisade Wall |
| 6:57 | Build | Palisade Wall |
| 6:58 | Build | Palisade Wall |
| 6:59 | Build | Palisade Wall |
| 7:10 | Build | Palisade Wall |
| 7:13 | Build | Palisade Wall |
| 7:36 | Build | Palisade Wall |
| 7:39 | Build | Palisade Wall |
| 7:52 | Build | Barracks |
| 8:01 | Create | Villager (Male) |
| 8:17 | Build | Palisade Wall |
| 8:20 | Build | Palisade Wall |
| 8:21 | Build | Palisade Wall |
| 8:21 | Build | Palisade Wall |
| 8:22 | Build | Palisade Wall |
| 8:22 | Build | Palisade Wall |
| 8:50 | Build | Palisade Wall |
| 8:50 | Age | Feudal Age |
| 8:51 | Build | Palisade Wall |
| 8:52 | Build | Palisade Wall |
| 8:55 | Research | Double-Bit Axe |
| 8:58 | Create | Villager (Male) |
| 9:15 | Build | Archery Range |
| 9:26 | Create | Villager (Male) |
| 9:39 | Build | Farm |
| 9:48 | Create | Villager (Male) |
| 9:52 | Build | Farm |
| 10:08 | Create | Villager (Male) |
| 10:09 | Create | Archer |
| 10:28 | Create | Villager (Male) |
| 10:42 | Create | Villager (Male) |
| 10:47 | Create | Archer |
| 10:48 | Create | Archer |
| 10:48 | Create | Archer |
| 10:54 | Create | Villager (Male) |
| 10:56 | Create | Villager (Male) |
| 10:58 | Build | House |
| 11:02 | Research | Town Watch |
| 11:06 | Build | Farm |
| 11:14 | Create | Villager (Male) |
| 11:15 | Create | Villager (Male) |
| 11:18 | Build | House |
| 11:20 | Create | Villager (Male) |
| 11:23 | Build | Farm |
| 11:30 | Create | Villager (Male) |
| 11:49 | Create | Archer |
| 11:54 | Build | Watch Tower |
| 12:01 | Create | Villager (Male) |
| 12:50 | Build | Blacksmith |
| 12:52 | Create | Villager (Male) |
| 13:01 | Create | Villager (Male) |
| 13:04 | Build | House |
| 13:13 | Create | Villager (Male) |
| 13:14 | Build | Farm |
| 13:21 | Create | Villager (Male) |
| 13:23 | Create | Villager (Male) |
| 13:25 | Create | Villager (Male) |
| 13:42 | Research | Fletching |
| 13:42 | Research | Fletching |
| 13:54 | Create | Archer |
| 14:03 | Create | Villager (Male) |
| 14:06 | Create | Archer |
| 14:14 | Create | Villager (Male) |
| 14:36 | Build | Farm |
| 14:47 | Create | Villager (Male) |
| 14:47 | Create | Villager (Male) |
| 15:02 | Create | Archer |
| 15:13 | Create | Villager (Male) |
| 15:22 | Create | Villager (Male) |
| 15:24 | Create | Villager (Male) |
| 15:26 | Build | Farm |
| 15:27 | Build | Farm |
| 15:48 | Create | Villager (Male) |
| 15:51 | Create | Villager (Male) |
| 15:54 | Build | Mining Camp |
| 15:57 | Create | Archer |
| 16:01 | Build | House |
| 16:02 | Build | House |
| 16:08 | Create | Villager (Male) |
| 16:10 | Build | House |
| 16:11 | Build | House |
| 16:38 | Build | Farm |
| 16:52 | Create | Villager (Male) |
| 17:04 | Build | House |
| 17:05 | Build | House |
| 18:00 | Create | Villager (Male) |
| 18:03 | Create | Archer |
| 18:06 | Build | Palisade Wall |
| 18:10 | Build | Palisade Wall |
| 18:11 | Build | Palisade Wall |
| 18:34 | Create | Archer |
| 18:44 | Build | Palisade Gate |
| 18:45 | Create | Villager (Male) |
| 19:22 | Create | Archer |
| 19:23 | Create | Villager (Male) |
| 19:24 | Build | Archery Range |
| 19:47 | Build | Lumber Camp |
| 20:07 | Research | Castle Age |
| 20:07 | Research | Castle Age |
| 20:16 | Build | Farm |
| 20:16 | Build | Farm |
| 20:46 | Create | Archer |
| 20:46 | Create | Archer |
| 20:46 | Create | Archer |
| 21:23 | Create | Archer |
| 21:23 | Create | Archer |
| 21:24 | Create | Archer |
| 21:49 | Create | Archer |
| 22:29 | Build | Watch Tower |
| 22:47 | Create | Archer |
| 22:51 | Create | Archer |
| 23:00 | Age | Castle Age |
| 23:06 | Research | Bodkin Arrow |
| 23:19 | Build | Town Center |
| 23:20 | Create | Villager (Male) |
| 23:22 | Build | Town Center |
| 23:37 | Research | Crossbowman (upgrade) |
Match timeline
| 4:19 | MorrocanPlayer · wall_segment Palisade Wall x1 |
| 4:20 | MorrocanPlayer · wall_segment Palisade Wall x1 |
| 5:34 | EbolasRider · first_building Barracks |
| 6:47 | MorrocanPlayer · wall_segment Palisade Wall x1 |
| 6:48 | MorrocanPlayer · wall_segment Palisade Wall x1 |
| 6:49 | MorrocanPlayer · wall_segment Palisade Wall x1 |
| 6:50 | MorrocanPlayer · wall_segment Palisade Wall x1 |
| 6:55 | MorrocanPlayer · wall_segment Palisade Wall x1 |
| 6:55 | MorrocanPlayer · wall_segment Palisade Wall x1 |
| 6:57 | MorrocanPlayer · wall_segment Palisade Wall x1 |
| 6:58 | MorrocanPlayer · wall_segment Palisade Wall x1 |
| 6:59 | MorrocanPlayer · wall_segment Palisade Wall x1 |
| 7:10 | MorrocanPlayer · wall_segment Palisade Wall x2 |
| 7:13 | MorrocanPlayer · wall_segment Palisade Wall x1 |
| 7:36 | MorrocanPlayer · wall_segment Palisade Wall x1 |
| 7:39 | MorrocanPlayer · wall_segment Palisade Wall x2 |
| 7:52 | MorrocanPlayer · first_building Barracks |
| 8:17 | MorrocanPlayer · wall_segment Palisade Wall x1 |
| 8:20 | MorrocanPlayer · wall_segment Palisade Wall x1 |
| 8:21 | MorrocanPlayer · wall_segment Palisade Wall x1 |
| 8:21 | MorrocanPlayer · wall_segment Palisade Wall x1 |
| 8:22 | MorrocanPlayer · wall_segment Palisade Wall x1 |
| 8:22 | MorrocanPlayer · wall_segment Palisade Wall x1 |
| 8:50 | MorrocanPlayer · age_up feudal |
| 8:50 | MorrocanPlayer · wall_segment Palisade Wall x1 |
| 8:51 | MorrocanPlayer · wall_segment Palisade Wall x1 |
| 8:52 | MorrocanPlayer · wall_segment Palisade Wall x1 |
| 9:04 | EbolasRider · age_up feudal |
| 9:15 | MorrocanPlayer · first_building Archery Range |
| 10:22 | EbolasRider · wall_segment Palisade Wall x1 |
| 11:55 | EbolasRider · wall_segment Palisade Wall x1 |
| 12:01 | EbolasRider · wall_segment Palisade Wall x1 |
| 12:01 | EbolasRider · wall_segment Palisade Wall x1 |
| 12:02 | EbolasRider · wall_segment Palisade Wall x1 |
| 12:03 | EbolasRider · wall_segment Palisade Wall x1 |
| 12:04 | EbolasRider · wall_segment Palisade Wall x1 |
| 12:21 | EbolasRider · wall_segment Palisade Wall x8 |
| 16:12 | EbolasRider · wall_segment Palisade Wall x8 |
| 17:55 | EbolasRider · wall_segment Palisade Wall x5 |
| 17:59 | EbolasRider · wall_segment Palisade Wall x1 |
| 18:06 | MorrocanPlayer · wall_segment Palisade Wall x1 |
| 18:10 | MorrocanPlayer · wall_segment Palisade Wall x2 |
| 18:11 | MorrocanPlayer · wall_segment Palisade Wall x1 |
| 22:12 | EbolasRider · first_market_sell 100 stone |
| 22:13 | EbolasRider · first_market_buy 100 wood |
| 23:00 | MorrocanPlayer · age_up castle |
| 23:07 | EbolasRider · wall_segment Stone Wall x1 |
| 23:07 | EbolasRider · wall_segment Stone Wall x1 |
| 23:12 | EbolasRider · wall_segment Stone Wall x8 |
| 23:42 | EbolasRider · wall_segment Palisade Wall x7 |
| 23:44 | EbolasRider · wall_segment Palisade Wall x3 |
| 23:48 | MorrocanPlayer · wall_segment Palisade Wall x1 |
| 24:33 | EbolasRider · age_up castle |
| 24:45 | MorrocanPlayer · wall_segment Palisade Wall x1 |
| 24:47 | MorrocanPlayer · wall_segment Palisade Wall x1 |
| 24:52 | MorrocanPlayer · wall_segment Palisade Wall x2 |
| 24:54 | MorrocanPlayer · wall_segment Palisade Wall x1 |
| 25:27 | MorrocanPlayer · first_building Monastery |
| 28:12 | MorrocanPlayer · first_market_sell 500 wood |
| 28:12 | MorrocanPlayer · first_market_buy 100 stone |
| 30:15 | MorrocanPlayer · first_building Castle |
| 31:23 | EbolasRider · first_building Monastery |
| 32:15 | MorrocanPlayer · first_building Stable |
| 35:40 | EbolasRider · first_building Castle |
| 41:23 | MorrocanPlayer · age_up imperial |
| 41:41 | EbolasRider · age_up imperial |
| 43:25 | EbolasRider · wall_segment Palisade Wall x1 |
| 48:38 | MorrocanPlayer · resign |
[ AI ANALYSIS · 1 CREDIT ]
What really happened in this match?
Wolo.gg analyzes every decision: build order, eco, micro, common mistakes by bracket. Personalized analysis on WhatsApp or Discord in 30 seconds.
Civ guide
Incas
Perfil
Jugador #4943664